 Dungeon Crawl Stone Soup version 0.20.1-1-g8b1a95d66d (webtiles) character file.

5583 Allophanate the Geomancer (level 10, 0/63 HPs)
             Began as a Gargoyle Earth Elementalist on Nov 23, 2017.
             Was a Believer of Vehumet.
             Slain by an ice devil (4 damage)
             ... on level 2 of the Lair of Beasts.
             The game lasted 00:31:08 (9435 turns).

Allophanate the Geomancer (GrEE)                    Turns: 9435, Time: 00:31:08

Health: 0/63       AC: 12    Str: 11    XL:     10   Next: 72%
Magic:  16/20      EV: 11    Int: 20    God:    Vehumet [**....]
Gold:   370        SH:  0    Dex: 10    Spells: 12/22 levels left

rFire    . . .     SeeInvis .   v - +2 dagger (protect)
rCold    . . .     Gourm    .   (no shield)
rNeg     + + .     Faith    .   B - +0 troll leather armour
rPois    ∞         Spirit   .   (no helmet)
rElec    +         Reflect  .   (no cloak)
rCorr    .         Harm     .   (no gloves)
MR       .....                  i - +0 pair of boots
Stlth    ++........             (no amulet)
Regen    0.6/turn               y - ring of positive energy
MPRegen  0.2/turn               (no ring)

@: about to teleport
A: negative energy resistance 1, electricity resistance, unbreathing,
petrification resistance, rot immunity, AC +7
a: Renounce Religion


You were on level 2 of the Lair of Beasts.
You worshipped Vehumet.
Vehumet was pleased with you.
You were not hungry.

You visited 3 branches of the dungeon, and saw 12 of its levels.

You collected 370 gold pieces.

Inventory:

Hand Weapons
 a - a +0 club
 f - a +0 dagger
 g - a +0 whip
 v - a +2 dagger of protection (weapon)
 F - a +2 dire flail of draining
Missiles
 b - 120 stones (quivered)
Armour
 c - a +2 robe
 i - a +0 pair of boots (worn)
 B - a +0 troll leather armour (worn)
Magical Staves
 I - an uncursed staff of death
Jewellery
 p - a +6 amulet of reflection
 s - an uncursed amulet of faith
 t - a cursed ring of teleportation
 y - a ring of positive energy (left hand)
Wands
 D - a wand of acid (3/15)
 O - a wand of paralysis (4/24)
Scrolls
 k - 3 scrolls of remove curse
 l - a scroll of random uselessness
 q - 2 scrolls of magic mapping {unknown}
 r - 3 scrolls of identify
 u - a scroll of brand weapon {unknown}
 x - a scroll of recharging {unknown}
 G - a scroll of fog {unknown}
 H - a scroll of fear {unknown}
 K - a scroll of blinking {unknown}
Potions
 h - 4 potions of haste
 j - a potion of ambrosia
 m - a potion of mutation {unknown}
 o - a potion of magic {unknown}
 w - a potion of agility {unknown}
 z - a potion of brilliance {unknown}
 A - 2 potions of flight
 C - 2 potions of curing
 E - 2 potions of heal wounds
 J - a potion of might {unknown}
 M - a potion of invisibility {unknown}
Books
 e - a book of Geomancy

   Spells                             Type                      Level
   a - Sandblast                      Earth                        1
   b - Passwall                       Transmutation/Earth          2
   c - Stone Arrow                    Conjuration/Earth            3
   d - Petrify                        Transmutation/Earth          4
   e - Lee's Rapid Deconstruction     Earth                        5
Comestibles
 d - 4 bread rations
 n - 5 royal jellies
 N - a meat ration


   Skills:
 + Level 7.6 Fighting
 - Level 1.5 Dodging
 - Level 2.1 Stealth
 + Level 6.8 Spellcasting
 - Level 8.9 Conjurations
   Level 0.7 Transmutations
 - Level 11.0 Earth Magic


You had 12 spell levels left.
You knew the following spells:

 Your Spells              Type           Power        Failure   Level  Hunger
a - Sandblast             Erth           ######       1%          1    None
b - Stone Arrow           Conj/Erth      #####.       1%          3    #......
c - Lee's Rapid Deconstr  Erth           ######....   3%          5    #####..
d - Magic Dart            Conj           ####         1%          1    None


Dungeon Overview and Level Annotations

Branches:
Dungeon (9/15)             Temple (1/1) D:6            Lair (2/6) D:8
  Swamp: Lair:2-4    Shoals: Lair:2-4     Snake: Lair:2-4    Spider: Lair:2-4
    Orc: D:9-12

Altars:
Ashenzari
Elyvilon
Hepliaklqana
Makhleb
Nemelex Xobeh
Ru
Vehumet
Xom
Yredelemnul
The Shining One

Shops:
D:6 [

Portals:
Ice
Cave: Lair:2

Annotations:
D:2 Terence
Lair:1 Erica


Innate Abilities, Weirdness & Mutations

You are resistant to torment.
Your stone body is resilient. (AC +7)
You are immune to poison.
You resist negative energy. (rN+)
You are resistant to electric shocks. (rElec)
You can survive without breathing.
You are immune to petrification.
You are immune to rotting.


Message History

Press: ? - help, Shift-Dir - straight line, f - komodo dragon, p - ice devil
Aim: a komodo dragon (chance to defeat MR: 28%)
The komodo dragon suddenly stops moving!
Evoking this partially-identified wand wasted a few charges.
The ice devil hits you! The ice devil freezes you!
The ice devil hits you but does no damage.
Evoke which item? (* to show all) (? for menu, Esc to quit)
Aiming: Corrosive Bolt
Press: ? - help, Shift-Dir - straight line, f/p - komodo dragon
Aim: a komodo dragon (paralysed)
The bolt of acid hits the komodo dragon.
The komodo dragon is splashed with acid.
The acid corrodes the komodo dragon!
The komodo dragon is lightly wounded.
This wand has 3 charges left.
The ice devil closely misses you. The ice devil hits you.
The ice devil freezes you!!
* * * LOW HITPOINT WARNING * * *
As you read the scroll of teleportation, it crumbles to dust.
You feel strangely unstable. The ice devil hits you.
You die...

...#.##.#
.....>.#
#...... ###
#..... #...
###.P..
#....##.+ ..#
#∩....44###.#
#@'.l.#
###..<# ##.##
#.# ..P .#/.#
....## .. ..P
... ..


You could see a komodo dragon (paralysed) and 2 ice devils.

Vanquished Creatures
  The ghost of endorz the Spear-Bearer, a novice MfGl of Trog (D:7)
  A spiny frog (Lair:1)
  A troll (D:7)
  4 blink frogs (Lair:1)
  2 hippogriffs (Lair:1)
  3 yaks (D:8)
  Eustachio (D:6)
  A basilisk (Lair:1)
  Edmund (D:6)
  3 water moccasins (Lair:1)
  2 orc warriors (D:8)
  2 sky beasts
  An ice beast (D:8)
  3 ogres
  A necrophage (D:9)
  2 centaurs
  Blork the orc (D:5)
  2 big kobolds
  3 bullfrogs
  A howler monkey (D:7)
  2 crimson imps
  2 orc priests
  3 hounds
  2 jellies
  2 bullfrog skeletons
  2 orc wizards (D:8)
  4 iguanas
  3 worker ants
  A killer bee zombie (D:7)
  2 hound skeletons
  A worker ant zombie (D:8)
  6 adders
  10 gnolls
  2 shadow imps
  2 oozes (D:3)
  3 worms (D:3)
  7 leopard geckos
  22 orcs
  3 giant cockroaches
  3 goblins
  4 hobgoblins
  16 jackals
  11 kobolds
  8 quokkas
  2 ball python skeletons (D:4)
  9 bats
  6 frilled lizards
  2 quokka zombies
  10 rats
186 creatures vanquished.

Vanquished Creatures (others)
  A fungus (D:8)
1 creature vanquished.

Grand Total: 187 creatures vanquished

Notes
Turn   | Place    | Note
-------+----------+-------------------------------------------
     0 | D:1      | Allophanate the Gargoyle Earth Elementalist began the quest for the Orb.
     0 | D:1      | Reached XP level 1. HP: 10/10 MP: 3/3
   183 | D:1      | Reached skill level 4 in Earth Magic
   183 | D:1      | Reached XP level 2. HP: 15/15 MP: 0/5
   636 | D:1      | Reached XP level 3. HP: 17/19 MP: 6/6
   641 | D:1      | Learned a level 3 spell: Stone Arrow
   839 | D:2      | Noticed Terence
  1025 | D:2      | Reached skill level 5 in Earth Magic
  1299 | D:3      | Reached XP level 4. HP: 23/24 MP: 2/7
  1587 | D:3      | Reached skill level 1 in Conjurations
  1742 | D:3      | Found a burning altar of Makhleb.
  1742 | D:3      | Noticed a balrug
  1746 | D:3      | Noticed an orange demon
  1746 | D:3      | Noticed a smoke demon
  1795 | D:3      | Reached XP level 5. HP: 10/28 MP: 5/8
  2031 | D:3      | Found a basalt altar of Yredelemnul.
  2059 | D:3      | Reached skill level 6 in Earth Magic
  2601 | D:4      | Noticed an ogre
  2605 | D:4      | Killed an ogre
  2605 | D:4      | Reached XP level 6. HP: 32/32 MP: 1/9
  2816 | D:4      | Reached skill level 7 in Earth Magic
  2903 | D:4      | Found a shattered altar of Ashenzari.
  2928 | D:4      | Reached XP level 7. HP: 21/36 MP: 1/10
  3706 | D:5      | Entered Level 5 of the Dungeon
  4099 | D:5      | Reached skill level 5 in Conjurations
  4231 | D:5      | Noticed Blork the orc
  4240 | D:5      | Killed Blork the orc
  4240 | D:5      | Reached skill level 8 in Earth Magic
  4569 | D:5      | Learned a level 5 spell: Lee's Rapid Deconstruction
  5262 | D:6      | Found a staircase to the Ecumenical Temple.
  5263 | D:6      | Found Deaqyiq's Antique Armour Boutique.
  5271 | Temple   | Entered the Ecumenical Temple
  5301 | Temple   | Became a worshipper of Vehumet
  5353 | D:6      | Noticed Edmund
  5370 | D:6      | Reached XP level 8. HP: 37/41 MP: 7/11
  5434 | D:6      | Noticed Eustachio
  5451 | D:6      | Killed Eustachio
  5451 | D:6      | Reached skill level 9 in Earth Magic
  5912 | D:6      | Killed Edmund
  5912 | D:6      | Reached skill level 10 in Earth Magic
  5997 | D:7      | Noticed endorz's ghost (novice MfGl)
  6362 | D:7      | Noticed a troll
  6488 | D:7      | Reached XP level 9. HP: 38/45 MP: 5/12
  6888 | D:7      | Killed endorz's ghost
  6888 | D:7      | Reached skill level 11 in Earth Magic
  7241 | D:7      | Killed a troll
  7469 | D:7      | Reached * piety under Vehumet
  7469 | D:7      | Offered knowledge of Magic Dart by Vehumet.
  7483 | D:7      | Learned a level 1 spell: Magic Dart
  7534 | D:8      | Found a staircase to the Lair.
  8351 | D:8      | Found a hazy altar of Hepliaklqana.
  8352 | D:8      | Found a sparkling altar of Nemelex Xobeh.
  8422 | D:8      | Reached XP level 10. HP: 58/58 MP: 13/17
  8469 | D:8      | Reached skill level 5 in Fighting
  8472 | D:8      | Reached skill level 5 in Spellcasting
  8537 | Lair:1   | Entered Level 1 of the Lair of Beasts
  8731 | Lair:1   | Noticed Erica
  9082 | Lair:1   | Reached ** piety under Vehumet
  9249 | Lair:1   | Noticed a spiny frog
  9254 | Lair:1   | Killed a spiny frog
  9426 | Lair:2   | Found a frozen archway.
  9435 | Lair:2   | Slain by an ice devil

Skill      XL: |  1  2  3  4  5  6  7  8  9 10 |
---------------+-------------------------------+-----
Earth Magic    | 4 5 6 7 8 10 11 | 11.0
Conjurations   | 1 3 4 6 7 8 |  8.9
Fighting       | 4 7 |  7.6
Spellcasting   | 4 6 |  6.8
Dodging        | |  1.5
Stealth        | |  2.1
Transmutations | |  0.7

Action                   |  1- 3 |  4- 6 |  7- 9 | 10-12 || total
-------------------------+-------+-------+-------+-------++-------
Melee: Whip              |    92 |   121 |    30 |       ||   243
       Dagger            |    18 |       |   163 |    36 ||   217
 Cast: Sandblast         |    29 |    24 |    94 |    36 ||   183
       Stone Arrow       |     2 |    12 |    45 |     9 ||    68
       Magic Dart        |       |       |       |     3 ||     3
Evoke: Wand              |       |       |     2 |     2 ||     4
  Use: Scroll            |     2 |       |    12 |     1 ||    15
 Stab: Sleeping          |     4 |       |     2 |       ||     6
  Eat: Chunk             |     1 |     7 |    12 |     4 ||    24
       Meat ration       |       |       |     2 |       ||     2
Armor: Robe              |    57 |    77 |    83 |       ||   217
       Troll leather arm |       |       |    29 |    33 ||    62
Dodge: Dodged            |    81 |   124 |   173 |    32 ||   410
